 Dungeon Crawl Stone Soup version 0.32-a0-913-g739538a (webtiles) character file.

Game seed: 1889222931409262728

856 BobRoberts the Trooper (level 8, -2/76 HPs)
             Began as a Gargoyle Berserker on Apr 8, 2024.
             Was a Priest of Trog.
             Slain by Duvessa
             ... wielding a +0 short sword
              (7 damage)
             ... on level 4 of the Dungeon.
             The game lasted 00:08:52 (3524 turns).

BobRoberts the Trooper (Gargoyle Berserker)         Turns: 3524, Time: 00:08:52

Health: -2/76      AC: 12    Str: 23    XL:     8   Next: 2%
Magic:  8/8        EV: 10    Int:  8    God:    Trog [***...]
Gold:   209        SH:  0    Dex:  9    Spells: 7/7 levels left

rFire   . . .        q - +0 morningstar
rCold   . . .        (no shield)
rNeg    + . .        h - +1 ring mail
rPois   ∞            (no helmet)
rElec   +            (no cloak)
rCorr   .            (no gloves)
SInv    .            (no boots)
Will    .....        (no amulet) Stlth
                     (no ring)
HPRegen 0.32/turn    (no ring)
MPRegen 0.11/turn

%: no passive effects
@: berserking (expiring), very quick
A: sickness immunity, AC +5, negative energy resistance 1, electricity
resistance, torment resistance 1, petrification resistance
a: Renounce Religion, Berserk, Trog's Hand


You were on level 4 of the Dungeon.
You worshipped Trog.
Trog was most pleased with you.
You visited 1 branch of the dungeon, and saw 4 of its levels.

You collected 209 gold pieces.

Inventory:

Hand Weapons
 a - a +0 mace
 l - a +0 mace of protection
   (You found it on level 2 of the Dungeon)
 q - a +0 morningstar (weapon)
   (You found it on level 3 of the Dungeon)
Armour
 b - a +0 animal skin
 c - a +0 plate armour
   (You found it on level 1 of the Dungeon)
 f - a +0 leather armour
   (You found it on level 1 of the Dungeon)
 h - a +1 ring mail (worn)
   (You found it on level 1 of the Dungeon)
 m - a +0 robe
   (You found it on level 2 of the Dungeon)
 n - a +0 leather armour
   (You took it off an orc on level 3 of the Dungeon)
 p - a +0 chain mail
   (You took it off an orc on level 4 of the Dungeon)
 s - the +1 leather armour of Gagigaedghe {+Inv Str+5 Dex-3 SInv}
   (You found it on level 3 of the Dungeon)

   Str+5:     It affects your strength (+5).
   Dex-3:     It affects your dexterity (-3).
   SInv:      It lets you see invisible.
   +Inv:      It lets you turn invisible.
 t - a +0 leather armour
   (You found it on level 4 of the Dungeon)
 u - a +0 ring mail
   (You found it on level 4 of the Dungeon)
Jewellery
 o - an amulet of the acrobat
   (You found it on level 2 of the Dungeon)
Wands
 v - a wand of charming (13)
   (You found it on level 4 of the Dungeon)
Scrolls
 e - 3 scrolls of identify {@r1}
 r - a scroll of fear
Potions
 d - a potion of lignification {unknown}
 g - a potion of invisibility
 i - 3 potions of heal wounds {@q2}
 j - 2 potions of curing {@q1}
 k - a potion of haste {@q3}


   Skills:
 + Level 5.7 Fighting
 + Level 5.2 Maces & Flails
 + Level 5.2 Armour
 + Level 3.9 Dodging


You had 7 spell levels left.
You didn't know any spells.
Your spell library was empty.

Dungeon Overview and Level Annotations

Branches:
Dungeon (4/15) Zot: 20322
 Temple: D:4-7

Altars:
The Shining One

Annotations:
D:4 Duvessa


Innate Abilities, Weirdness & Mutations

You are immune to sickness and miasma.
Your stone body is resilient. (AC +5)
You are immune to poison.
You resist negative energy. (rN+)
You are resistant to electric shocks. (rElec)
You are resistant to unholy torment.
You are immune to petrification.


Message History

Dowan closely misses you. Dowan casts a spell at you.
The puff of flame hits you. Duvessa hits you but does no damage.
You barely miss Dowan. Duvessa hits you with a +0 short sword.
Dowan says, "My weaknesses are her strengths!"
Dowan hits you but does no damage.
You closely miss Dowan.
You feel the effects of Trog's Hand fading.
Duvessa hits you with a +0 short sword.
Dowan gestures at Duvessa while chanting.
Duvessa seems to speed up.
You barely miss Dowan. Duvessa hits you with a +0 short sword.
Dowan hits you with a +0 dagger. Duvessa hits you with a +0 short sword!
* * * LOW HITPOINT WARNING * * *
A red film seems to cover your vision as you go berserk!
You feel yourself moving faster!
You feel mighty! Duvessa hits you with a +0 short sword.
* * * LOW HITPOINT WARNING * * *
Dowan casts a spell at you. The puff of flame hits you!
* * * LOW HITPOINT WARNING * * *
Duvessa hits you but does no damage.
You barely miss Dowan. Dowan closely misses you.
Duvessa hits you with a +0 short sword.
* * * LOW HITPOINT WARNING * * *
You completely miss Dowan. Duvessa hits you with a +0 short sword.
* * * LOW HITPOINT WARNING * * *
Dowan hits you with a +0 dagger.
* * * LOW HITPOINT WARNING * * *
You barely miss Dowan.
Your skin stops crawling.
You feel less strong-willed. Duvessa closely misses you.
Dowan hits you but does no damage. Duvessa hits you with a +0 short sword.
* * * LOW HITPOINT WARNING * * *
You sock Dowan!
You kill Dowan!
Trog accepts your kill.
Trog appreciates your killing of a magic user.
Duvessa screams in rage.
Duvessa goes berserk!
Duvessa hits you with a +0 short sword.
* * * LOW HITPOINT WARNING * * *
You have reached level 8!
You feel clever.
You closely miss Duvessa. Duvessa barely misses you.
You hit Duvessa. Duvessa hits you but does no damage.
You barely miss Duvessa. Duvessa hits you but does no damage.
Duvessa barely misses you.
You puncture Duvessa! Duvessa hits you but does no damage.
You closely miss Duvessa. Duvessa hits you with a +0 short sword!
You die...

...# ...##### ... #..#
....+..# .... #..#
....#..# ....##..#####
#'###..# ............#
...##..# .......(....#
...'...# ............#
...#...# ......e)....#
##.##### #@# #
##.#############.##..#
#.........#...#......#
#.........#...'......#
#.........#...#......#
#########.###†###....#
#####.###.########
#....(....>.#
#...........#


You could see Duvessa (berserk, fast).

Vanquished Creatures
  Grinder (D:3)
  Menkaure (D:4)
  A black bear (D:4)
  A phantom (D:4)
  Dowan (D:4)
  A vampire bat (D:3)
  An iguana (D:4)
  Natasha (thrice) (D:4)
  2 adders
  6 dart slugs
  3 fire bats (D:3)
  6 orcs
  2 spectral bats (D:3)
  18 bats
  3 bat skeletons (D:3)
  A bat zombie (D:3)
  8 endoplasms
  6 giant cockroaches
  7 goblins
  6 hobgoblins
  2 jackals (D:1)
  3 kobolds
  3 quokkas
  10 ball pythons
  A bat simulacrum (D:3)
  4 frilled lizards (D:1)
  8 rats
109 creatures vanquished.

Notes
Turn   | Place    | Note
-------+----------+-------------------------------------------
     0 | D:1      | BobRoberts the Gargoyle Berserker began the quest for the
                  | Orb.
     0 | D:1      | Reached XP level 1. HP: 14/14 MP: 1/1
   226 | D:1      | Reached XP level 2. HP: 15/19 MP: 2/2
   435 | D:1      | Reached XP level 3. HP: 21/23 MP: 3/3
  1080 | D:2      | Reached ** piety under Trog
  1446 | D:2      | Reached XP level 4. HP: 29/29 MP: 4/4
  1787 | D:3      | Noticed Grinder
  1788 | D:3      | Paralysed by Grinder for 5 turns
  1808 | D:3      | Killed Grinder
  1809 | D:3      | Reached XP level 5. HP: 20/34 MP: 5/5
  1809 | D:3      | Reached XP level 6. HP: 24/39 MP: 6/6
  2639 | D:3      | Identified the +1 leather armour of Gagigaedghe {+Inv Str+5
                  | Dex-3 SInv}
  2846 | D:4      | Noticed Natasha
  2852 | D:4      | Noticed a black bear
  2865 | D:4      | Killed a black bear
  2866 | D:4      | Reached skill level 5 in Fighting
  2866 | D:4      | Reached XP level 7. HP: 10/44 MP: 7/7
  2866 | D:4      | Killed Natasha
  3087 | D:4      | Found a glowing golden altar of the Shining One.
  3111 | D:4      | Noticed Menkaure
  3122 | D:4      | Killed Menkaure
  3123 | D:4      | Reached skill level 5 in Maces & Flails
  3123 | D:4      | Reached skill level 5 in Armour
  3188 | D:4      | Noticed Natasha
  3193 | D:4      | Killed Natasha
  3225 | D:4      | Reached *** piety under Trog
  3382 | D:4      | Noticed Natasha
  3384 | D:4      | Killed Natasha
  3504 | D:4      | Noticed Duvessa
  3504 | D:4      | Noticed Dowan
  3519 | D:4      | Killed Dowan
  3519 | D:4      | HP: 3/67 [Duvessa/+0 short sword (5)]
  3520 | D:4      | Reached XP level 8. HP: 3/51 MP: 8/8
  3524 | D:4      | Slain by Duvessa

Illustrated notes

Levels and vault maps discovered:
D:1:      psy_arrival_basics, layout_basic, kennysheep_small_spiral,
          chequers_serial_rivers_large_b, minmay_door_square
D:2:      layout_loops_cross
D:3:      layout_basic, goddamned_bats, uniq_grinder
D:4:      layout_gridville, mainiacjoe_overflow_boulevard, uniq_natasha,
          uniq_menkaure, uniq_duvessa

Skill      XL: |  1  2  3  4  5  6  7 |
---------------+----------------------+-----
Dodging        | 2 3 |  3.9
Armour         | 3 4 5 |  5.2
Fighting       | 4 5 |  5.7
Maces & Flails | 4 5 |  5.2

Action                     |  1- 3 |  4- 6 |  7- 9 || total
---------------------------+-------+-------+-------++-------
  Melee: Mace              |    91 |    50 |       ||   141
         Morningstar       |       |    85 |    84 ||   169
 Invoke: Berserk           |       |     2 |     2 ||     4
         Trog's Hand       |       |     2 |     2 ||     4
    Use: Scroll            |     2 |     9 |       ||    11
 Armour: Animal skin       |    16 |       |       ||    16
         Ring mail         |    53 |   245 |    93 ||   391
  Dodge: Dodged            |    50 |   194 |    52 ||   296

Table legend: (Time is in decaauts)
 A = Elapsed time spent in this place.
 B = Non-inter-level travel time spent in this place.
 C = Inter-level travel time spent in this place.
 D = Time resting spent in this place.
 E = Time spent auto-exploring this place.
 F = Levels seen in this place.
 G = Mean time per level.
                   A        B        C        D        E       F      G
               +--------+--------+--------+--------+--------+-----+--------+
         Total |   3676 |   3514 |    162 |     76 |   2629 |   4 |  919.0 |
       Dungeon |   3676 |   3514 |    162 |     76 |   2629 |   4 |  919.0 |
               +--------+--------+--------+--------+--------+-----+--------+

Top non-repeatable levels by time:
     D:3: 1209 daAuts
     D:1: 1094 daAuts
     D:4: 736 daAuts
     D:2: 636 daAuts
